 Dungeon Crawl Stone Soup version 0.27.1-2-g3b301248ec (webtiles) character file.

Game seed: 1995368949560199437

9847 barney the Grappler (level 11, -1/105 HPs)
             Began as a Green Draconian Transmuter on Sept 30, 2021.
             Was a Priest of Vehumet.
             Slain by a seven-headed hydra (12 damage)
             ... on level 1 of the Lair of Beasts.
             The game lasted 00:26:32 (19693 turns).

barney the Grappler (Green Draconian Transmuter)   Turns: 19693, Time: 00:26:33

Health: -1/105     AC: 11    Str: 19    XL:     11   Next: 28%
Magic:  14/18      EV: 11    Int: 16    God:    Vehumet [***...]
Gold:   704        SH:  0    Dex: 14    Spells: 0/19 levels left

rFire    x . .     SeeInvis .     - Unarmed
rCold    + + +     Faith    .   (shield currently unavailable)
rNeg     . . .     Spirit   .   (armour unavailable)
rPois    +         Reflect  .   (helmet currently unavailable)
rElec    .         Harm     .   (cloak currently unavailable)
rCorr    .         Rampage  .   (gloves currently unavailable)
Will     .....     Clarity  +   (boots currently unavailable)
Stlth    +.........             (no amulet)
HPRegen  0.27/turn              d - +4 ring of protection
MPRegen  0.16/turn              f - +6 ring of strength

@: about to teleport, ice-form, hasted, very quick
A: freezing attack, amphibious, boosted hp, (breathe noxious fumes), AC +7,
large, unfitting armour, (poison resistance), (cold-blooded), (talons 1), agile
1, clarity, (electricity resistance)
a: End Transformation, Renounce Religion


You were on level 1 of the Lair of Beasts.
You worshipped Vehumet.
Vehumet was most pleased with you.
You were a creature of crystalline ice.
You visited 3 branches of the dungeon, and saw 12 of its levels.

You collected 704 gold pieces.

Inventory:

Hand Weapons
 m - a +2 dagger of draining
Armour
 b - a +1 pair of gloves (melded)
 s - a +2 cloak (melded)
 A - a +0 pair of boots (melded)
Magical Staves
 a - a staff of poison (melded)
Jewellery
 d - a +4 ring of protection (left front paw)
 e - a ring of fire
 f - a +6 ring of strength (right front paw)
 g - an amulet of guardian spirit
 n - a +4 ring of protection
Wands
 p - a wand of mindburst (30)
 q - a wand of flame (24)
 v - a wand of polymorph (8)
 y - a wand of acid (17)
 z - a wand of digging (3)
Scrolls
 i - a scroll of enchant weapon
 k - 7 scrolls of identify
 o - a scroll of teleportation
 w - a scroll of enchant armour
 x - a scroll of amnesia
Potions
 c - 3 potions of lignification
 h - a potion of curing
 l - a potion of mutation
 r - a potion of brilliance
 t - a potion of magic
 u - a potion of ambrosia


   Skills:
 - Level 5.5 Fighting
 - Level 3.5 Dodging
 + Level 9.8 Unarmed Combat
 + Level 4.7 Spellcasting
 - Level 3.1 Conjurations
 + Level 6.3 Summonings
 - Level 8.6 Transmutations
 - Level 4.0 Ice Magic
 - Level 4.0 Poison Magic
 - Level 4.0 Evocations


You couldn't memorise any spells.
You knew the following spells:

 Your Spells              Type           Power      Damage    Failure   Level
a - Beastly Appendage     Tmut           62%        N/A       1%          1
b - Ice Form              Ice/Tmut       24%        N/A       12%         4
c - Wereblood             Tmut           31%        N/A       1%          2
d - Magic Dart            Conj           52%        1d5       1%          1
e - Shadow Creatures      Summ           N/A        N/A       87%         6
f - Ignite Poison         Fire/Tmut/Pois 17%        N/A       2%          3
g - Poisonous Vapours     Pois/Air       20%        N/A       3%          2

Your spell library contained the following spells:

 Spells                   Type           Power      Damage    Failure   Level
 Searing Ray              Conj           26%        3d4       1%          2
 Shock                    Conj/Air       32%        1d5       2%          1
 Spider Form              Tmut/Pois      12%        N/A       3%          3
 Ensorcelled Hibernation  Hex/Ice        20%        N/A       11%         2
 Fulminant Prism          Conj/Hex       4%         3d6       21%         4
 Corpse Rot               Necr/Air       N/A        N/A       24%         2
 Airstrike                Air            1%         N/A       36%         4
 Freezing Cloud           Conj/Ice/Air   5%         6-21      38%         5
 Swiftness                Air            3%         N/A       43%         3
 Dispel Undead            Necr           3%         3d7       83%         4
 Death Channel            Necr           1%         N/A       100%        6
 Chain Lightning          Conj/Air       4%         3d5       100%        9
 Fire Storm               Conj/Fire      4%         8d1       100%        9


Dungeon Overview and Level Annotations

Branches:
Dungeon (10/15)            Temple (1/1) D:6            Lair (1/6) D:9
    Orc: D:9-12

Altars:
Ashenzari
Cheibriados
Dithmenos
Elyvilon
Fedhas
Gozag
Hepliaklqana
Kikubaaqudgha
Makhleb
Nemelex Xobeh
Okawaru
Qazlal
Ru
Sif Muna
Trog
Uskayaw
Vehumet
Wu Jian
Xom
Yredelemnul
Zin
The Shining One

Shops:
D:4 ([*


Innate Abilities, Weirdness & Mutations

You are a creature of crystalline ice.
You have a powerful freezing melee attack.
You are amphibious.
Your maximum health is increased.
Your armour is entirely melded.
You are incapable of wielding weapons or throwing items.
((You can breathe blasts of noxious fumes.))
((Your lurid green scales are hard. (AC +7)))
You cannot fit into any form of body armour.
((Your system is resistant to poisons. (rPois)))
((You are cold-blooded and may be slowed by cold attacks.))
((You have sharp toenails.))
You are agile. (Dex +2)
You possess an exceptional clarity of mind.
((You are resistant to electric shocks. (rElec)))


Message History

The seven-headed hydra bites you. x2
The seven-headed hydra bites you but does no damage.
The seven-headed hydra bites you. x2
Unknown command.
Casting: Beastly Appendage (safe; 1% risk of failure)
Confirm with . or Enter, or press ? or * to list all spells.
Your horns disappear.
Your +0 pair of boots unmelds from your body.
You turn into a creature of crystalline ice.
Your staff of poison melds into your body.
Your +2 cloak melds into your body.
Your +1 pair of gloves melds into your body.
Your +0 pair of boots melds into your body.
The seven-headed hydra bites you but does no damage.
The seven-headed hydra barely misses you.
The seven-headed hydra bites you but does no damage.
The seven-headed hydra bites you!
The seven-headed hydra bites you but does no damage.
The seven-headed hydra bites you!
* * * LOW HITPOINT WARNING * * *
The seven-headed hydra barely misses you.
Okay, then.
You feel yourself speed up. The seven-headed hydra bites you.
* * * LOW HITPOINT WARNING * * *
The seven-headed hydra barely misses you.
The seven-headed hydra closely misses you. x2
The seven-headed hydra bites you but does no damage. x2
The seven-headed hydra bites you.
* * * LOW HITPOINT WARNING * * *
You punch the seven-headed hydra! You freeze the seven-headed hydra.
The seven-headed hydra is moderately wounded.
The seven-headed hydra bites you!
* * * LOW HITPOINT WARNING * * *
The seven-headed hydra bites you.
* * * LOW HITPOINT WARNING * * *
The seven-headed hydra completely misses you.
The seven-headed hydra bites you.
* * * LOW HITPOINT WARNING * * *
The seven-headed hydra bites you!
You die...

### .#######. ##.#####+
........# #........
...[....# ###........
$.......# ###P#........
........####...'........
........#....###........
......D.+..#.###.......)
.......Y..#...##........
.....#+.#.......###+.##P
#.P ..##........##..###
# ..#. #.....P..###.##
#.. #.#.#..b...####.P##
.. ..###P#............ .
.. ###............ ...
##......[.b..
#...........


You could see a seven-headed hydra.

Vanquished Creatures
  A two-headed ogre (D:9)
  The ghost of nroviw the Grappler, a novice TrBe of Trog (D:10)
  An ugly thing (D:6)
  4 kobold demonologists
  2 komodo dragons
  A troll (D:10)
  A hornet (D:10)
  A wyvern (D:9)
  11 yaks (D:10)
  The ghost of BlaiseRascal the Covert, an amateur FeWn of Ru (D:6)
  3 basilisks
  Menkaure (D:7)
  2 acid dragons (D:9)
  3 water moccasins
  Duvessa (D:5)
  3 orc warriors
  An ice beast (D:6)
  2 ogres
  4 centaurs
  A phantom (D:7)
  9 kobold brigands
  4 bullfrogs
  3 scorpions
  Dowan (D:5)
  6 killer bees (D:9)
  9 wights
  4 electric eels
  3 centaur zombies (D:9)
  A jelly (D:6)
  2 bullfrog skeletons
  3 hounds
  An orc priest (D:6)
  6 iguanas
  4 orc wizards
  A killer bee zombie (D:8)
  A howler monkey skeleton (D:6)
  A howler monkey zombie (D:7)
  13 gnolls
  4 adders
  2 shadow imps (D:7)
  2 white imps (D:6)
  4 ufetubi
  An adder skeleton (D:4)
  A worm (D:3)
  A dart slug (D:1)
  25 orcs
  6 ball pythons
  4 bats
  7 endoplasms
  4 giant cockroaches
  38 hobgoblins
  3 jackals (D:1)
  11 kobolds
  A quokka (D:1)
  2 frilled lizards
  33 goblins
  6 rats
272 creatures vanquished.

Vanquished Creatures (others)
  An electric eel (D:6)
  A fungus (D:10)
  A plant (D:10)
3 creatures vanquished.

Grand Total: 275 creatures vanquished

Notes
Turn   | Place    | Note
-------+----------+-------------------------------------------
     0 | D:1      | barney the Draconian Transmuter began the quest for the
                  | Orb.
     0 | D:1      | Reached XP level 1. HP: 16/16 MP: 3/3
    91 | D:1      | Found a faded altar of an unknown god.
   286 | D:1      | Reached XP level 2. HP: 23/23 MP: 3/5
  1066 | D:1      | Reached XP level 3. HP: 6/28 MP: 6/6
  1878 | D:2      | Reached XP level 4. HP: 30/35 MP: 5/7
  2923 | D:3      | Learned a level 4 spell: Ice Form
  3072 | D:3      | Reached skill level 1 in Ice Magic
  3728 | D:4      | Found Huyskem's Antique Weapon Shoppe.
  3761 | D:4      | Learned a level 2 spell: Wereblood
  4055 | D:4      | Noticed a scorpion
  4080 | D:4      | Killed a scorpion
  4081 | D:4      | Reached skill level 5 in Transmutations
  4081 | D:4      | Reached XP level 5. HP: 21/40 MP: 2/8
  4291 | D:4      | Reached XP level 6. HP: 24/47 MP: 4/9
  4847 | D:4      | Found Qiddiq's Antique Armour Boutique.
  4867 | D:4      | Found Xeeffocs's General Store.
  5338 | D:5      | Entered Level 5 of the Dungeon
  6755 | D:5      | Noticed a water moccasin
  6792 | D:5      | Killed a water moccasin
  6793 | D:5      | Your scales start taking on a lurid green colour.
  6793 | D:5      | Reached XP level 7. HP: 50/52 MP: 8/10
  6793 | D:5      | Gained mutation: Your system is resistant to poisons.
                  | (rPois) [Green Draconian growth]
  7316 | D:5      | Noticed Dowan
  7318 | D:5      | Noticed Duvessa
  7337 | D:5      | Killed Dowan
  7346 | D:5      | Killed Duvessa
  7347 | D:5      | Reached skill level 1 in Evocations
  7968 | D:6      | Reached skill level 1 in Poison Magic
  8085 | D:6      | Found a staircase to the Ecumenical Temple.
  8121 | Temple   | Entered the Ecumenical Temple
  8166 | Temple   | Became a worshipper of Vehumet
  8395 | D:6      | Reached skill level 4 in Unarmed Combat
  8395 | D:6      | Reached XP level 8. HP: 60/61 MP: 11/11
  8415 | D:6      | Noticed a white ugly thing
  8427 | D:6      | Killed a white ugly thing
  8786 | D:6      | Reached skill level 5 in Unarmed Combat
  8875 | D:6      | Found a runed translucent door.
  9194 | D:6      | Noticed BlaiseRascal's ghost (amateur FeWn)
 10032 | D:6      | Reached * piety under Vehumet
 10032 | D:6      | Offered knowledge of Sandblast by Vehumet.
 10653 | D:6      | Found a broken altar of Ashenzari.
 10947 | D:6      | Reached XP level 9. HP: 71/71 MP: 3/12
 11300 | D:6      | Offered knowledge of Magic Dart by Vehumet.
 11326 | D:6      | Reached ** piety under Vehumet
 11826 | D:6      | Killed BlaiseRascal's ghost
 11892 | D:6      | Learned a level 1 spell: Magic Dart
 12048 | D:7      | Reached skill level 6 in Unarmed Combat
 12963 | D:7      | Reached skill level 1 in Conjurations
 12963 | D:7      | Noticed Menkaure
 12968 | D:7      | Gained mutation: You are agile. (Dex +2) [potion of
                  | mutation]
 12968 | D:7      | Gained mutation: You have sharp toenails. [potion of
                  | mutation]
 12968 | D:7      | Gained mutation: You are resistant to electric shocks.
                  | (rElec) [potion of mutation]
 12968 | D:7      | Gained mutation: You possess an exceptional clarity of
                  | mind. [potion of mutation]
 13525 | D:7      | Killed Menkaure
 13974 | D:8      | Offered knowledge of Frozen Ramparts by Vehumet.
 14312 | D:8      | Reached skill level 7 in Unarmed Combat
 14527 | D:8      | Learned a level 6 spell: Shadow Creatures
 15317 | D:9      | Reached skill level 5 in Fighting
 15332 | D:9      | Noticed a kobold demonologist
 15341 | D:9      | Killed a kobold demonologist
 15521 | D:9      | Reached XP level 10. HP: 81/81 MP: 10/14
 15583 | D:9      | Reached *** piety under Vehumet
 15587 | D:9      | Reached skill level 1 in Summonings
 15934 | D:9      | Found a staircase to the Lair.
 16507 | D:9      | Noticed a two-headed ogre
 16513 | D:9      | Killed a two-headed ogre
 16514 | D:9      | Reached skill level 8 in Unarmed Combat
 16814 | D:10     | Entered Level 10 of the Dungeon
 17058 | D:10     | Offered knowledge of Ignite Poison by Vehumet.
 17059 | D:10     | Reached skill level 9 in Unarmed Combat
 17064 | D:10     | Reached skill level 5 in Summonings
 17996 | D:10     | Found a runed translucent gate.
 17998 | D:10     | Found a runed translucent gate.
 17998 | D:10     | Noticed nroviw's ghost (novice TrBe)
 17999 | D:10     | Found a runed translucent gate.
 18044 | D:10     | Noticed a sun demon
 18047 | D:10     | Noticed a soul eater
 18048 | D:10     | Noticed an orange demon
 18071 | D:10     | Killed nroviw's ghost
 18072 | D:10     | Reached XP level 11. HP: 45/88 MP: 11/17
 18622 | D:10     | Learned a level 3 spell: Ignite Poison
 19194 | Lair:1   | Entered Level 1 of the Lair of Beasts
 19571 | Lair:1   | Learned a level 2 spell: Poisonous Vapours
 19685 | Lair:1   | Noticed a seven-headed hydra
 19693 | Lair:1   | Slain by a seven-headed hydra

Illustrated notes

Levels and vault maps discovered:
D:1:      elethiomel_arrival_quiet, layout_basic,
          hellmonk_ecumenical_altar_pennies_from_heaven
D:2:      layout_basic
D:3:      layout_loops_ring, chequers_serial_rivers_micro_a
D:4:      layout_loops_ring, serial_shops, nicolae_shop_statue_plus,
          shop_fountains, nicolae_shop_statue_plus, minmay_misc_feat_plants
D:5:      layout_basic, uniq_duvessa
D:6:      minmay_goblin_kobold_castle, layout_loops_ring,
          nicolae_overflow_hidden_temple, minmay_temple_entry_ruins,
          ebering_ghost_reflecting_pool, kennysheep_generic_room_14
D:7:      layout_rooms, serial_aquarium, aquarium_bridge_long_separate
          [aquarium_subvault_wall, aquarium_subvault_wall,
          aquarium_subvault_bridge, aquarium_subvault_bridge,
          aquarium_subvault_wall, aquarium_subvault_bridge], aquarium_window_1,
          aquarium_window_2, aquarium_window_fake, aquarium_window_fake,
          aquarium_view_2b, aquarium_view_2e, aquarium_balcony_double_3,
          aquarium_pool_S, uniq_menkaure
D:8:      layout_basic, minmay_misc_feat_ornament, grunt_ministairs_5
D:9:      layout_loops_ring, erik_lair_dragon, kennysheep_generic_room_11
D:10:     layout_basic, gammafunk_ghost_nasty_kobolds,
          minmay_misc_feat_nine_boxes
Temple:   compressed_dpeg_triangle_lava_temple
Lair:1:   layout_roguey, lemuel_fruit_fields

Skill      XL: |  1  2  3  4  5  6  7  8  9 10 11 |
---------------+----------------------------------+-----
Transmutations | 3 4 5 6 7 8 |  8.6
Ice Magic      | 2 4 |  4.0
Evocations     | 1 3 4 |  4.0
Poison Magic   | 1 3 4 |  4.0
Fighting       | 2 3 5 |  5.5
Unarmed Combat | 4 5 7 9 |  9.8
Dodging        | 2 3 |  3.5
Conjurations   | 2 3 |  3.1
Spellcasting   | 3 4 |  4.7
Summonings     | 5 6 |  6.3

Action                   |  1- 3 |  4- 6 |  7- 9 | 10-12 || total
-------------------------+-------+-------+-------+-------++-------
Melee: Unarmed           |    75 |    59 |   210 |   127 ||   471
       Kick              |     9 |    22 |    38 |    16 ||    85
       Headbutt          |     5 |    12 |    21 |     5 ||    43
       Tailslap          |     4 |    18 |    23 |     2 ||    47
       Dagger            |       |   133 |    51 |       ||   184
       Punch             |       |     1 |     5 |     1 ||     7
       Staff             |       |       |    90 |    27 ||   117
 Cast: Beastly Appendage |    15 |    27 |    13 |     2 ||    57
       Ice Form          |       |     6 |    32 |    16 ||    54
       Wereblood         |       |     1 |    13 |     4 ||    18
 Abil: Breathe Noxious F |       |       |    16 |    13 ||    29
       End Transformatio |       |       |     2 |       ||     2
  Use: Potion            |       |     5 |     3 |     4 ||    12
       Scroll            |       |     5 |     3 |     4 ||    12
 Stab: Sleeping          |     1 |       |     3 |       ||     4
       Confused          |       |       |     6 |     7 ||    13
Armor: Skin              |    28 |    78 |   145 |    64 ||   315
Dodge: Dodged            |    62 |   121 |   209 |   100 ||   492
